[Event "EIRCC 2019"]
[Site "Tallinn"]
[Date "2019.12.05"]
[Round "1.11"]
[White "Ponomarev, Vsevolod"]
[Black "Lysyj, Igor"]
[Result "0-1"]
[ECO "C47"]
[WhiteElo "1970"]
[BlackElo "2599"]
[Annotator "ChessBase"]
[PlyCount "82"]
[EventDate "2019.12.05"]
[EventType "swiss"]
[EventCountry "EST"]
[SourceTitle "playchess.com"]
[Source "ChessBase"]
[SourceQuality "1"]
[TimeControl "900+10"]

1. e4 e5 2. Nf3 Nc6 3. Nc3 Nf6 4. d4 exd4 5. Nxd4 Bc5 6. Be3 Bb6 7. Nf5 O-O 8. Bd3 Ba5 9. O-O Bxc3 10. bxc3 d5 11. exd5 Qxd5 12. c4 Qa5 13. Bd2 Qc5 14. Be3 Qa5 15. Bd2 Qa4 16. Bc3 Bxf5 17. Bxf5 Rad8 18. Qf3 Nd4 19. Bxd4 Rxd4 20. Qxb7 Rxc4 21. Bd3 Rc5 22. Rfe1 g6 23. Re7 Nd5 24. Re5 Qa5 25. g3 Nc3 26. Re7 Nd5 27. Re5 Nb4 28. Rxc5 Qxc5 29. Qe4 Rd8 30. Rd1 Nxa2 31. Be2 Rxd1+ 32. Bxd1 Nc3 33. Qe8+ Kg7 34. Bf3 a5 35. Bc6 Nd1 36. Kg2 Qxf2+ 37. Kh3 Qf5+ 38. Kg2 Qxc2+ 39. Kh1 Nf2+ 40. Kg1 Ng4 41. Bg2 Qc5+ 0-1

[Event "EIRCC 2019"]
[Site "Tallinn"]
[Date "2019.12.05"]
[Round "1.12"]
[White "Postny, Evgeny"]
[Black "Nazarova, Anastasia"]
[Result "1-0"]
[ECO "D30"]
[WhiteElo "2598"]
[BlackElo "1969"]
[Annotator "ChessBase"]
[PlyCount "99"]
[EventDate "2019.12.05"]
[EventType "swiss"]
[EventCountry "EST"]
[SourceTitle "playchess.com"]
[Source "ChessBase"]
[SourceQuality "1"]
[TimeControl "900+10"]

1. d4 d5 2. c4 e6 3. Nf3 Nf6 4. Bg5 Be7 5. Nc3 Nbd7 6. e3 h6 7. Bh4 O-O 8. Qc2 c5 9. cxd5 Nxd5 10. Bxe7 Nxe7 11. Rd1 Qa5 12. Be2 cxd4 13. Nxd4 Nf6 14. Bf3 Rb8 15. Qa4 Qxa4 16. Nxa4 e5 17. Nb5 Bd7 18. Nac3 a6 19. Nd6 Bc6 20. Bxc6 Nxc6 21. Ke2 g6 22. Nde4 Nxe4 23. Nxe4 Rfd8 24. Nc5 Na5 25. Rxd8+ Rxd8 26. Rc1 b5 27. Nxa6 Ra8 28. Nb4 Nc4 29. b3 Nd6 30. Rc5 f6 31. Rc7 Rd8 32. f3 Nf7 33. Nc6 Ra8 34. Rc8+ Rxc8 35. Ne7+ Kf8 36. Nxc8 Ke8 37. Nb6 Nd6 38. Nd5 f5 39. Kd3 Kd7 40. e4 fxe4+ 41. fxe4 g5 42. a4 bxa4 43. bxa4 Kc6 44. Ne7+ Kc5 45. Nf5 Nf7 46. g4 Kb4 47. a5 Kxa5 48. Kc4 Nh8 49. Kd5 Ng6 50. Nxh6 1-0

[Event "EIRCC 2019"]
[Site "Tallinn"]
[Date "2019.12.05"]
[Round "1.13"]
[White "Fischer, Erik"]
[Black "Sanal, Vahap"]
[Result "0-1"]
[ECO "B00"]
[WhiteElo "1969"]
[BlackElo "2597"]
[Annotator "ChessBase"]
[PlyCount "84"]
[EventDate "2019.12.05"]
[EventType "swiss"]
[EventCountry "EST"]
[SourceTitle "playchess.com"]
[Source "ChessBase"]
[SourceQuality "1"]
[TimeControl "900+10"]

1. e4 Nc6 2. Nf3 d6 3. d4 Nf6 4. Nc3 g6 5. Be2 Bg7 6. O-O O-O 7. d5 Nb8 8. Re1 c6 9. a4 Bg4 10. a5 Qc7 11. Be3 Nbd7 12. a6 cxd5 13. axb7 Qxb7 14. exd5 Qxb2 15. Nb5 Bxf3 16. gxf3 Qe5 17. c4 Nh5 18. Qd2 Qf5 19. Nd4 Qf6 20. Nc6 h6 21. Bd4 Ne5 22. Qe3 Nf4 23. Bf1 Qg5+ 24. Kh1 Nxc6 25. Bxg7 Kxg7 26. dxc6 Ne6 27. Ra3 Rfc8 28. Qe4 Rc7 29. Rea1 Nc5 30. Qd4+ Qf6 31. Qxf6+ Kxf6 32. f4 a5 33. Bg2 a4 34. Rb1 Rcc8 35. Ra2 Rab8 36. Rab2 Rxb2 37. Rxb2 Rc7 38. Rb7 Rxb7 39. cxb7 Nxb7 40. Bxb7 a3 41. c5 a2 42. c6 a1=Q+ 0-1

[Event "EIRCC 2019"]
[Site "Tallinn"]
[Date "2019.12.05"]
[Round "1.14"]
[White "Riazantsev, Alexander"]
[Black "Ketlerius, Arijus"]
[Result "1-0"]
[ECO "A61"]
[WhiteElo "2594"]
[BlackElo "1969"]
[Annotator "ChessBase"]
[PlyCount "95"]
[EventDate "2019.12.05"]
[EventType "swiss"]
[EventCountry "EST"]
[SourceTitle "playchess.com"]
[Source "ChessBase"]
[SourceQuality "1"]
[TimeControl "900+10"]

1. d4 Nf6 2. c4 c5 3. d5 e6 4. Nc3 exd5 5. cxd5 d6 6. Nf3 g6 7. Bf4 a6 8. a4 Bg7 9. h3 O-O 10. e3 Re8 11. Nd2 Nbd7 12. Be2 Ne5 13. O-O Qc7 14. Re1 Rb8 15. Bh2 g5 16. Bxe5 Rxe5 17. Nf3 Re8 18. Nxg5 h6 19. Nf3 Ne4 20. Qc2 Nxc3 21. bxc3 b5 22. axb5 axb5 23. Rab1 Qa5 24. Rec1 Bd7 25. Nd2 Qd8 26. Bg4 Bxg4 27. hxg4 Qh4 28. Qd3 Qxg4 29. Rxb5 Rxb5 30. Qxb5 Re5 31. c4 Rg5 32. Qe8+ Bf8 33. Qe4 Qxe4 34. Nxe4 Re5 35. Nd2 Re8 36. g4 Rb8 37. Rc2 Rb4 38. Kg2 Bg7 39. Ne4 Bf8 40. Ng3 Kg7 41. f4 Kf6 42. Kf3 Rb1 43. Ne4+ Ke7 44. Ra2 Rb7 45. Ra8 Bg7 46. Ng3 Rd7 47. Nf5+ Kf6 48. Rg8 1-0

[Event "EIRCC 2019"]
[Site "Tallinn"]
[Date "2019.12.05"]
[Round "1.15"]
[White "Pogrebnojs, Dmitrijs"]
[Black "Esipenko, Andrey"]
[Result "0-1"]
[ECO "B12"]
[WhiteElo "1969"]
[BlackElo "2590"]
[Annotator "ChessBase"]
[PlyCount "52"]
[EventDate "2019.12.05"]
[EventType "swiss"]
[EventCountry "EST"]
[SourceTitle "playchess.com"]
[Source "ChessBase"]
[SourceQuality "1"]
[TimeControl "900+10"]

1. e4 c6 2. d4 d5 3. e5 Bf5 4. Nf3 e6 5. Be2 Ne7 6. O-O c5 7. c4 Nbc6 8. dxc5 d4 9. Bd3 Bxd3 10. Qxd3 Ng6 11. Qe4 Bxc5 12. Bf4 Qb6 13. Nbd2 O-O 14. b3 Bb4 15. h4 Bc3 16. h5 Nxf4 17. Qxf4 Bxa1 18. h6 f5 19. hxg7 Kxg7 20. Qg5+ Kh8 21. Rxa1 Qc7 22. g3 Qg7 23. Kg2 f4 24. Rh1 fxg3 25. fxg3 Rf5 26. Rxh7+ Qxh7 0-1

[Event "EIRCC 2019"]
[Site "Tallinn"]
[Date "2019.12.05"]
[Round "1.16"]
[White "Yuffa, Daniil"]
[Black "George, Matthew P"]
[Result "1-0"]
[ECO "E09"]
[WhiteElo "2587"]
[BlackElo "1961"]
[Annotator "ChessBase"]
[PlyCount "73"]
[EventDate "2019.12.05"]
[EventType "swiss"]
[EventCountry "EST"]
[SourceTitle "playchess.com"]
[Source "ChessBase"]
[SourceQuality "1"]
[TimeControl "900+10"]

1. d4 Nf6 2. c4 e6 3. g3 d5 4. Bg2 Bb4+ 5. Bd2 Be7 6. Nf3 O-O 7. O-O c6 8. Bf4 Nh5 9. Bc1 Nf6 10. Nbd2 Nbd7 11. Qc2 b6 12. e4 a5 13. Re1 Ba6 14. e5 Ne8 15. b3 b5 16. c5 b4 17. Nf1 Nc7 18. Ne3 Nb5 19. Bb2 Nc7 20. h4 Re8 21. h5 h6 22. Ng4 Nf8 23. a3 bxa3 24. Rxa3 Nb5 25. Ra4 Nh7 26. Rea1 Bb7 27. Qd2 Ng5 28. Nxg5 Bxg5 29. f4 Be7 30. Bf1 Qc7 31. Bd3 Ra7 32. Bc2 f5 33. exf6 Bxf6 34. Qd3 Qf7 35. Qh7+ Kf8 36. Bg6 Qd7 37. Nxf6 1-0

[Event "EIRCC 2019"]
[Site "Tallinn"]
[Date "2019.12.05"]
[Round "1.17"]
[White "Nahkur, Madis"]
[Black "Popov, Valerij"]
[Result "0-1"]
[ECO "B23"]
[WhiteElo "1960"]
[BlackElo "2583"]
[Annotator "ChessBase"]
[PlyCount "72"]
[EventDate "2019.12.05"]
[EventType "swiss"]
[EventCountry "EST"]
[SourceTitle "playchess.com"]
[Source "ChessBase"]
[SourceQuality "1"]
[TimeControl "900+10"]

1. e4 c5 2. Nc3 d6 3. g3 Nc6 4. Bg2 g6 5. Nge2 Bg7 6. O-O Rb8 7. d3 b5 8. a3 e6 9. Rb1 a5 10. a4 bxa4 11. Nxa4 Nge7 12. Be3 Ba6 13. Qd2 h5 14. h4 Nd4 15. Nac3 O-O 16. Nd1 Nxe2+ 17. Qxe2 Nc6 18. Qd2 c4 19. dxc4 Ne5 20. Re1 Nxc4 21. Qc1 Nxe3 22. Nxe3 Qb6 23. c3 Bd3 24. Ra1 Qxb2 25. Qxb2 Rxb2 26. Red1 Be2 27. Rxd6 Bxc3 28. Nd1 Bxd1 29. Raxd1 Bb4 30. Rd8 Rxd8 31. Rxd8+ Kg7 32. f3 a4 33. Ra8 a3 34. Kh2 a2 35. Kh3 Bc3 36. Bf1 Rd2 0-1

[Event "EIRCC 2019"]
[Site "Tallinn"]
[Date "2019.12.05"]
[Round "1.21"]
[White "Vitenberg, Noam Aviv"]
[Black "Stupak, Kirill"]
[Result "0-1"]
[ECO "E32"]
[WhiteElo "1954"]
[BlackElo "2552"]
[Annotator "ChessBase"]
[PlyCount "68"]
[EventDate "2019.12.05"]
[EventType "swiss"]
[EventCountry "EST"]
[SourceTitle "playchess.com"]
[Source "ChessBase"]
[SourceQuality "1"]
[TimeControl "900+10"]

1. d4 Nf6 2. c4 e6 3. Nc3 Bb4 4. Qc2 O-O 5. Nf3 d5 6. cxd5 exd5 7. Bf4 c5 8. dxc5 Ne4 9. e3 Qa5 10. Bd3 Nd7 11. c6 bxc6 12. O-O Bxc3 13. bxc3 Ndc5 14. Ne5 Nxd3 15. Qxd3 Ba6 16. c4 Rac8 17. Qd4 f6 18. Nd7 Bxc4 19. Nxf8 Bxf1 20. Nxh7 Bc4 21. f3 c5 22. Qb2 Qc3 23. Rb1 Qxb2 24. Rxb2 Nc3 25. Nxf6+ gxf6 26. Rb7 Ne2+ 27. Kf2 Nxf4 28. exf4 a6 29. g4 d4 30. a3 Bf7 31. Rd7 c4 32. Rxd4 c3 33. Rd1 c2 34. Rc1 Bb3 0-1

[Event "EIRCC 2019"]
[Site "Tallinn"]
[Date "2019.12.05"]
[Round "1.22"]
[White "Ruck, Robert"]
[Black "Yurasova, Daria"]
[Result "1-0"]
[ECO "A07"]
[WhiteElo "2551"]
[BlackElo "1954"]
[Annotator "ChessBase"]
[PlyCount "75"]
[EventDate "2019.12.05"]
[EventType "swiss"]
[EventCountry "EST"]
[SourceTitle "playchess.com"]
[Source "ChessBase"]
[SourceQuality "1"]
[TimeControl "900+10"]

1. Nf3 d5 2. g3 c6 3. Bg2 Bg4 4. O-O Nf6 5. c4 e6 6. Qb3 Qb6 7. Qc2 Nbd7 8. d3 Be7 9. b3 O-O 10. Nc3 Qc7 11. Rb1 a5 12. Bd2 Rfd8 13. Qb2 Nf8 14. Rfc1 d4 15. Na4 e5 16. c5 N6d7 17. Rc2 Be6 18. Qc1 Bd5 19. Qe1 Ne6 20. Rbc1 Bf6 21. Bh3 Re8 22. Bf5 g6 23. Be4 Bg7 24. Bxd5 cxd5 25. c6 bxc6 26. Rxc6 Qa7 27. Ng5 Ndf8 28. Nxe6 Nxe6 29. Nb6 Rad8 30. Bxa5 e4 31. Nc8 Qd7 32. Bxd8 Nxd8 33. Rd6 Qb7 34. Qf1 Bf8 35. Rb6 Qd7 36. Rb8 Nc6 37. Nb6 Qe7 38. Nxd5 1-0

[Event "EIRCC 2019"]
[Site "Tallinn"]
[Date "2019.12.05"]
[Round "1.24"]
[White "Saric, Ante"]
[Black "Mitskevich, Yauheniya"]
[Result "1-0"]
[ECO "E95"]
[WhiteElo "2538"]
[BlackElo "1951"]
[Annotator "ChessBase"]
[PlyCount "63"]
[EventDate "2019.12.05"]
[EventType "swiss"]
[EventCountry "EST"]
[SourceTitle "playchess.com"]
[Source "ChessBase"]
[SourceQuality "1"]
[TimeControl "900+10"]

1. c4 Nf6 2. Nc3 g6 3. e4 d6 4. d4 Bg7 5. Be2 O-O 6. Nf3 Nbd7 7. O-O e5 8. Re1 Re8 9. Bf1 h6 10. Qc2 exd4 11. Nxd4 Ng4 12. Nb3 f5 13. h3 Ngf6 14. Bd2 Ne5 15. f4 Nf7 16. Bd3 fxe4 17. Nxe4 Nxe4 18. Bxe4 g5 19. Bh7+ Kh8 20. Bg6 Rf8 21. fxg5 Nxg5 22. Rf1 Nxh3+ 23. gxh3 Bxh3 24. Rxf8+ Qxf8 25. Qd3 Be6 26. Rf1 Qe7 27. Nd4 Rg8 28. Rf2 c5 29. Nxe6 Qxe6 30. Bc3 Be5 31. Rg2 Rf8 32. Qe3 {[%emt 0:06:03] Bh2+} 1-0

[Event "EIRCC 2019"]
[Site "Tallinn"]
[Date "2019.12.05"]
[Round "1.25"]
[White "Efremov, Vladislav"]
[Black "Hjartarson, Johann"]
[Result "1/2-1/2"]
[ECO "E11"]
[WhiteElo "1949"]
[BlackElo "2534"]
[Annotator "ChessBase"]
[PlyCount "55"]
[EventDate "2019.12.05"]
[EventType "swiss"]
[EventCountry "EST"]
[SourceTitle "playchess.com"]
[Source "ChessBase"]
[SourceQuality "1"]
[TimeControl "900+10"]

1. d4 Nf6 2. c4 e6 3. Nf3 Bb4+ 4. Bd2 a5 5. a3 Bxd2+ 6. Qxd2 d6 7. Nc3 Nbd7 8. g4 h6 9. Rg1 c6 10. h4 d5 11. g5 hxg5 12. hxg5 Ne4 13. Nxe4 dxe4 14. Ne5 Rh4 15. c5 Nxe5 16. dxe5 Qd5 17. Rd1 Qxd2+ 18. Kxd2 a4 19. e3 Ke7 20. Be2 Rh2 21. Ke1 Ra5 22. Rc1 Bd7 23. Rc2 Be8 24. Rg4 Rh1+ 25. Kd2 Rh2 26. Ke1 Rh1+ 27. Kd2 Rh2 28. Rxe4 1/2-1/2

[Event "EIRCC 2019"]
[Site "Tallinn"]
[Date "2019.12.05"]
[Round "1.26"]
[White "Stocek, Jiri"]
[Black "Kirchei, Viktoriia"]
[Result "1-0"]
[ECO "E48"]
[WhiteElo "2532"]
[BlackElo "1948"]
[Annotator "ChessBase"]
[PlyCount "63"]
[EventDate "2019.12.05"]
[EventType "swiss"]
[EventCountry "EST"]
[SourceTitle "playchess.com"]
[Source "ChessBase"]
[SourceQuality "1"]
[TimeControl "900+10"]

1. d4 Nf6 2. c4 e6 3. Nc3 Bb4 4. e3 O-O 5. Bd3 d5 6. Nge2 a6 7. O-O dxc4 8. Bxc4 b5 9. Bd3 Bb7 10. a3 Bxc3 11. Nxc3 Nc6 12. Ne4 Nxe4 13. Bxe4 Qh4 14. f4 f5 15. Bf3 Na5 16. Bd2 Bxf3 17. Qxf3 Nb3 18. Rad1 Nxd2 19. Rxd2 Qe7 20. Rc1 Rac8 21. Rdc2 b4 22. a4 b3 23. Rc5 Rb8 24. Qc6 Rb4 25. Qxa6 Qd6 26. Qa5 Rfb8 27. Rxc7 h5 28. R1c6 Qd5 29. Qa7 R4b7 30. Rxb7 Rxb7 31. Qxb7 Qe4 32. Rc8+ 1-0

[Event "EIRCC 2019"]
[Site "Tallinn"]
[Date "2019.12.05"]
[Round "1.28"]
[White "Lintchevski, Daniil"]
[Black "Tskhadadze, Anna"]
[Result "1-0"]
[ECO "B01"]
[WhiteElo "2515"]
[BlackElo "1946"]
[Annotator "ChessBase"]
[PlyCount "95"]
[EventDate "2019.12.05"]
[EventType "swiss"]
[EventCountry "EST"]
[SourceTitle "playchess.com"]
[Source "ChessBase"]
[SourceQuality "1"]
[TimeControl "900+10"]

1. e4 d5 2. exd5 Qxd5 3. Nc3 Qd6 4. d4 Nf6 5. Nf3 c6 6. Ne5 Nbd7 7. Nc4 Qc7 8. Qf3 Nb6 9. Bf4 Qd7 10. Be5 Qg4 11. Qxg4 Nxg4 12. Bg3 Bf5 13. O-O-O Nxc4 14. Bxc4 e6 15. Rhe1 O-O-O 16. f3 Nf6 17. Ne4 Be7 18. c3 h5 19. Bd3 h4 20. Bf4 Nd5 21. Bd2 Rhg8 22. Bc2 g5 23. Nf2 Bxc2 24. Kxc2 Bd6 25. Ne4 Bf4 26. g3 hxg3 27. hxg3 Bxd2 28. Rxd2 Ne7 29. Rh2 Nf5 30. g4 Nd6 31. Rh7 Nxe4 32. fxe4 Rh8 33. Reh1 Rxh7 34. Rxh7 Rf8 35. Rg7 f6 36. a4 Rh8 37. Rf7 Rh2+ 38. Kd3 Rh3+ 39. Kc4 Re3 40. Kc5 Rxe4 41. Kd6 b6 42. Kxc6 Kd8 43. Kd6 Ke8 44. Rxf6 Rxg4 45. Rxe6+ Kf8 46. Re2 Rg1 47. d5 g4 48. Kc7 1-0

[Event "EIRCC 2019"]
[Site "Tallinn"]
[Date "2019.12.05"]
[Round "1.29"]
[White "Limanovska, Elizabete"]
[Black "Pershin, Denis"]
[Result "0-1"]
[ECO "B15"]
[WhiteElo "1945"]
[BlackElo "2509"]
[Annotator "ChessBase"]
[PlyCount "58"]
[EventDate "2019.12.05"]
[EventType "swiss"]
[EventCountry "EST"]
[SourceTitle "playchess.com"]
[Source "ChessBase"]
[SourceQuality "1"]
[TimeControl "900+10"]

1. e4 c6 2. d4 d5 3. Nc3 dxe4 4. Nxe4 Nf6 5. Nxf6+ exf6 6. c3 Bd6 7. Bd3 O-O 8. Ne2 Re8 9. O-O Qc7 10. h3 Nd7 11. Be3 Nf8 12. Qd2 Bd7 13. c4 Rad8 14. Rfe1 Ng6 15. Qc2 Qc8 16. Ng3 Bb8 17. Rad1 Nh4 18. Bxh7+ Kh8 19. Be4 Bxh3 20. Bc1 Bg4 21. Ne2 Bh5 22. f3 g5 23. Kf2 Kg7 24. Rh1 Bg6 25. Bxg6 fxg6 26. Bf4 Rxe2+ 27. Qxe2 Re8 28. Qd3 Bxf4 29. g3 Re3 0-1

[Event "EIRCC 2019"]
[Site "Tallinn"]
[Date "2019.12.05"]
[Round "1.30"]
[White "Sebenik, Matej"]
[Black "Narva, Triin"]
[Result "1-0"]
[ECO "D11"]
[WhiteElo "2504"]
[BlackElo "1944"]
[Annotator "ChessBase"]
[PlyCount "55"]
[EventDate "2019.12.05"]
[EventType "swiss"]
[EventCountry "EST"]
[SourceTitle "playchess.com"]
[Source "ChessBase"]
[SourceQuality "1"]
[TimeControl "900+10"]

1. Nf3 d5 2. d4 Nf6 3. c4 c6 4. e3 g6 5. Nc3 Bg7 6. Be2 O-O 7. O-O Nbd7 8. cxd5 Nxd5 9. Bd2 N7f6 10. Rc1 Qd6 11. a3 Bf5 12. Qb3 Rab8 13. Rfd1 Rfd8 14. Be1 Be6 15. Qa4 a6 16. Ne5 Nd7 17. Ne4 N7b6 18. Qa5 Qc7 19. Nd3 Nd7 20. Qa4 b5 21. Qc2 Rdc8 22. Nec5 Nxc5 23. Nxc5 Qd6 24. Nxa6 Ra8 25. Nc5 Nf6 26. Bf3 Bd5 27. e4 Be6 28. e5 1-0

[Event "EIRCC 2019"]
[Site "Tallinn"]
[Date "2019.12.05"]
[Round "1.31"]
[White "Mierins, Emils Janis"]
[Black "Lobanov, Sergei"]
[Result "*"]
[ECO "C75"]
[WhiteElo "1944"]
[BlackElo "2483"]
[Annotator "RC"]
[PlyCount "162"]
[EventDate "2019.12.05"]
[EventType "swiss"]
[EventCountry "EST"]
[SourceTitle "playchess.com"]
[Source "ChessBase"]
[SourceQuality "1"]
[TimeControl "900+10"]

1. e4 e5 2. Nf3 Nc6 3. Bb5 a6 4. Ba4 d6 5. c3 Bd7 6. Bc2 Nge7 7. O-O Ng6 8. Re1 Be7 9. d4 O-O 10. Be3 Kh8 11. Nbd2 Qc8 12. Nf1 f5 13. exf5 Bxf5 14. Bxf5 Qxf5 15. Ng3 Qf7 16. Qb3 Qxb3 17. axb3 Nh4 18. Nxh4 Bxh4 19. Rad1 Kg8 20. dxe5 Nxe5 21. Rd4 Bd8 22. h3 a5 23. Ne2 Bf6 24. Ra1 Kf7 25. Rdd1 Ke7 26. Nf4 Kd7 27. Nd5 Bd8 28. c4 Ra6 29. Bd4 Bf6 30. Bc3 Nc6 31. Bxf6 gxf6 32. Re1 Rf7 33. Re4 Ne7 34. Nf4 Rb6 35. Re3 Ra6 36. Rae1 Ng6 37. Nd5 c6 38. Nc3 f5 39. Rd1 Ra8 40. Red3 Rf6 41. Na4 Kc7 42. c5 d5 43. Nb6 Re8 44. Ra1 Nf4 45. Rf3 Ne2+ 46. Kh2 Nd4 47. Rd3 Nb5 48. Rxa5 f4 49. Rxb5 Rfe6 50. Ra5 Re2 51. Rf3 R2e4 52. Ra4 Rxa4 53. Nxa4 Re4 54. Nc3 Rb4 55. g3 fxg3+ 56. fxg3 b6 57. Rf7+ Kc8 58. cxb6 Rxb6 59. Rxh7 Rxb3 60. Nd1 Rd3 61. Nf2 Rd2 62. Kg2 Rxb2 63. Kf3 c5 64. g4 c4 65. g5 Rb6 66. Ke3 c3 67. Kd3 d4 68. Kxd4 c2 69. Nd3 Rb3 70. Nc1 Rb1 71. Kd3 Rxc1 72. h4 Kd8 73. Kd2 Rg1 74. Kxc2 Rg3 75. Kd2 Ke8 76. Ke2 Kf8 77. Kf2 Ra3 78. Kg2 Rb3 79. Rh6 Kg7 80. Rf6 Rb1 81. Kg3 Rg1+ *

[Event "EIRCC 2019"]
[Site "Tallinn"]
[Date "2019.12.05"]
[Round "1.32"]
[White "Potapov, Pavel"]
[Black "Vidruska, Renate"]
[Result "1-0"]
[ECO "C42"]
[WhiteElo "2482"]
[BlackElo "1943"]
[Annotator "ChessBase"]
[PlyCount "71"]
[EventDate "2019.12.05"]
[EventType "swiss"]
[EventCountry "EST"]
[SourceTitle "playchess.com"]
[Source "ChessBase"]
[SourceQuality "1"]
[TimeControl "900+10"]

1. e4 e5 2. Nf3 Nf6 3. Nxe5 d6 4. Nc4 Nxe4 5. Qe2 Qe7 6. d3 Nf6 7. Bg5 Qxe2+ 8. Bxe2 Be7 9. Nc3 h6 10. Bh4 Be6 11. d4 Nbd7 12. O-O-O d5 13. Ne3 c6 14. h3 g5 15. Bg3 Ne4 16. Nxe4 dxe4 17. c4 Nb6 18. d5 cxd5 19. cxd5 Bd7 20. Be5 O-O 21. d6 Bd8 22. g4 f5 23. gxf5 Bxf5 24. h4 Be6 25. hxg5 Bxg5 26. Rdg1 Rfc8+ 27. Kb1 Kf7 28. Bh5+ Kf8 29. Bg6 Nc4 30. Nxc4 Rxc4 31. Rxg5 hxg5 32. Rh8+ Bg8 33. Bh7 Kf7 34. Bxg8+ Rxg8 35. Rxg8 Kxg8 36. d7 1-0

[Event "EIRCC 2019"]
[Site "Tallinn"]
[Date "2019.12.05"]
[Round "1.33"]
[White "Narva, Regina"]
[Black "Ionov, Sergey"]
[Result "1-0"]
[ECO "B43"]
[WhiteElo "1942"]
[BlackElo "2480"]
[Annotator "ChessBase"]
[PlyCount "77"]
[EventDate "2019.12.05"]
[EventType "swiss"]
[EventCountry "EST"]
[SourceTitle "playchess.com"]
[Source "ChessBase"]
[SourceQuality "1"]
[TimeControl "900+10"]

1. e4 c5 2. Nc3 a6 3. Nf3 e6 4. d4 cxd4 5. Nxd4 Qc7 6. g3 Bb4 7. Nde2 Nf6 8. Bg2 O-O 9. O-O Nc6 10. h3 Be7 11. g4 d6 12. Ng3 b5 13. a3 Bb7 14. Kh2 Nd7 15. f4 Rfe8 16. g5 Bf8 17. h4 Nb6 18. h5 Rad8 19. Qg4 b4 20. Nce2 bxa3 21. bxa3 Nc4 22. g6 h6 23. gxf7+ Qxf7 24. Rb1 Ba8 25. f5 N6e5 26. Qh3 Qa7 27. fxe6 Ne3 28. Bxe3 Qxe3 29. Nf4 Be7 30. Rb3 Qd2 31. Ng6 Nxg6 32. hxg6 Bg5 33. Rf7 Qxc2 34. Rbf3 d5 35. Nf5 dxe4 36. Rxg7+ Kh8 37. Rh7+ Kg8 38. Nxh6+ Bxh6 39. Rh8+ 1-0

[Event "EIRCC 2019"]
[Site "Tallinn"]
[Date "2019.12.05"]
[Round "1.34"]
[White "Kanep, Meelis"]
[Black "Fabregas, Oliver"]
[Result "1-0"]
[ECO "A45"]
[WhiteElo "2466"]
[BlackElo "1934"]
[Annotator "ChessBase"]
[PlyCount "75"]
[EventDate "2019.12.05"]
[EventType "swiss"]
[EventCountry "EST"]
[SourceTitle "playchess.com"]
[Source "ChessBase"]
[SourceQuality "1"]
[TimeControl "900+10"]

1. d4 Nf6 2. Bg5 c5 3. d5 d6 4. Nc3 h6 5. Bxf6 exf6 6. e4 Be7 7. f4 O-O 8. Nf3 Bg4 9. h3 Bxf3 10. Qxf3 Nd7 11. Be2 a6 12. a4 b5 13. O-O b4 14. Nd1 a5 15. Ne3 Nb6 16. Kh1 Qc7 17. b3 Kh8 18. Bb5 Nd7 19. Qh5 Kg8 20. Nf5 Rfe8 21. Nxh6+ gxh6 22. Rf3 Bf8 23. Rg3+ Bg7 24. Qg4 Kf8 25. Bxd7 Bh8 26. Bxe8 Rxe8 27. Qf5 c4 28. Re1 cxb3 29. cxb3 Qc8 30. Qh7 Ke7 31. Qxh6 Qc5 32. Qh4 Kd7 33. Rd3 Qc2 34. Qg4+ Ke7 35. Rdd1 Qxb3 36. Rc1 Kf8 37. Rc7 Bg7 38. Qd7 1-0

[Event "EIRCC 2019"]
[Site "Tallinn"]
[Date "2019.12.05"]
[Round "1.35"]
[White "Sanz Losada, Victoriano"]
[Black "Loginov, Valery A"]
[Result "0-1"]
[ECO "E46"]
[WhiteElo "1932"]
[BlackElo "2461"]
[Annotator "ChessBase"]
[PlyCount "104"]
[EventDate "2019.12.05"]
[EventType "swiss"]
[EventCountry "EST"]
[SourceTitle "playchess.com"]
[Source "ChessBase"]
[SourceQuality "1"]
[TimeControl "900+10"]

1. d4 Nf6 2. c4 e6 3. Nc3 Bb4 4. e3 O-O 5. Nge2 d5 6. a3 Bd6 7. Ng3 c5 8. dxc5 Bxc5 9. b4 Bb6 10. c5 Bc7 11. Bb2 Nc6 12. Nb5 Bb8 13. Bd3 e5 14. O-O a6 15. Nc3 Bg4 16. f3 Be6 17. e4 d4 18. Nce2 Ne7 19. Qd2 Ng6 20. Nf5 Qd7 21. Qg5 Bxf5 22. exf5 h6 23. Qd2 Ne7 24. g4 Nfd5 25. Ng3 Ne3 26. Rf2 N7d5 27. Be4 Nf4 28. Kh1 Nc4 29. Qc2 Nxb2 30. Qxb2 a5 31. b5 Qe7 32. Rc1 a4 33. Ne2 Nh3 34. Rg2 Rd8 35. c6 bxc6 36. Rxc6 Ra7 37. Nc1 Nf4 38. Rd2 Bd6 39. Nd3 Bxa3 40. Qa2 Bb4 41. b6 Rad7 42. Rd1 Nxd3 43. Rxd3 a3 44. Rc4 Rb8 45. b7 Bd6 46. Rc8+ Rd8 47. Rd1 Rdxc8 48. bxc8=Q+ Rxc8 49. Rb1 h5 50. Kg2 hxg4 51. fxg4 Qg5 52. h3 Qe3 0-1

[Event "EIRCC 2019"]
[Site "Tallinn"]
[Date "2019.12.05"]
[Round "1.36"]
[White "Thorfinnsson, Bragi"]
[Black "Jonsson, Gauti Pall"]
[Result "1-0"]
[ECO "A00"]
[WhiteElo "2457"]
[BlackElo "1929"]
[Annotator "ChessBase"]
[PlyCount "81"]
[EventDate "2019.12.05"]
[EventType "swiss"]
[EventCountry "EST"]
[SourceTitle "playchess.com"]
[Source "ChessBase"]
[SourceQuality "1"]
[TimeControl "900+10"]

1. Nc3 d5 2. d4 Nf6 3. Bf4 g6 4. e3 Bg7 5. h4 h5 6. Nf3 Bf5 7. Bd3 c6 8. Qe2 Nbd7 9. O-O-O Qa5 10. Ne5 Ne4 11. Bxe4 dxe4 12. Nxd7 Bxd7 13. Kb1 Be6 14. a3 b5 15. Nxe4 O-O 16. Nc5 Bc4 17. Qd2 Qd8 18. g4 e5 19. Bxe5 Bxe5 20. dxe5 Qxd2 21. Rxd2 hxg4 22. Rd4 Rad8 23. Nd7 Rxd7 24. Rxd7 Bd5 25. Rg1 Kg7 26. Rxa7 Rh8 27. Rxg4 Be6 28. Rg1 Rxh4 29. f4 Rh3 30. Re1 Rh2 31. Rc7 Bd5 32. e4 Be6 33. Rxc6 Rf2 34. f5 gxf5 35. exf5 Bxf5 36. b4 Rf3 37. Kb2 Kf8 38. Rc5 Rf2 39. Rd1 Re2 40. Rd6 Kg7 41. Rb6 1-0

[Event "EIRCC 2019"]
[Site "Tallinn"]
[Date "2019.12.05"]
[Round "2.9"]
[White "Murashova, Ekaterina"]
[Black "Postny, Evgeny"]
[Result "0-1"]
[ECO "B14"]
[WhiteElo "2196"]
[BlackElo "2598"]
[Annotator "ChessBase"]
[PlyCount "83"]
[EventDate "2019.12.05"]
[EventType "swiss"]
[EventCountry "EST"]
[SourceTitle "playchess.com"]
[Source "ChessBase"]
[SourceQuality "1"]
[TimeControl "900+10"]

1. e4 c6 2. d4 d5 3. exd5 cxd5 4. c4 Nf6 5. Nc3 g6 6. Qb3 Bg7 7. cxd5 O-O 8. Be2 Nbd7 9. Bf3 Nb6 10. Nge2 Bf5 11. Bf4 Bd3 12. d6 exd6 13. O-O Re8 14. Rfe1 Bc4 15. Qb4 d5 16. b3 Bd3 17. Be5 a5 18. Qa3 Bf8 19. Qb2 Be4 20. Bxf6 Qxf6 21. Bxe4 dxe4 22. Ng3 Qxd4 23. Rad1 Qg7 24. Rxe4 Bb4 25. Na4 Nxa4 26. Qxg7+ Kxg7 27. bxa4 Rad8 28. Rxd8 Rxd8 29. Nf1 Rd3 30. g3 Ra3 31. Re2 Rxa4 32. Ne3 Bc5 33. Nd5 b5 34. Rc2 Bd4 35. Kg2 Ra3 36. Nc7 b4 37. Nb5 Rd3 38. Rc6 Rd2 39. Nxd4 Rxd4 40. Ra6 Rd5 41. Kf3 Rd3+ 42. Ke4 0-1

[Event "EIRCC 2019"]
[Site "Tallinn"]
[Date "2019.12.05"]
[Round "2.10"]
[White "Sanal, Vahap"]
[Black "Jazdanovs, Aleksandrs"]
[Result "1-0"]
[ECO "B23"]
[WhiteElo "2597"]
[BlackElo "2187"]
[Annotator "ChessBase"]
[PlyCount "65"]
[EventDate "2019.12.05"]
[EventType "swiss"]
[EventCountry "EST"]
[SourceTitle "playchess.com"]
[Source "ChessBase"]
[SourceQuality "1"]
[TimeControl "900+10"]

1. e4 c5 2. Nc3 d6 3. Bb5+ Bd7 4. Bxd7+ Qxd7 5. d4 cxd4 6. Qxd4 Nc6 7. Qd3 g6 8. Nf3 Bg7 9. Bg5 Nf6 10. Rd1 O-O 11. O-O Qe6 12. Nd5 Rac8 13. Rfe1 h6 14. Bc1 Nd7 15. c4 Nce5 16. Nxe5 Nxe5 17. Qb3 b6 18. Qa3 Nxc4 19. Qxa7 Ra8 20. Qc7 Nxb2 21. Nxe7+ Kh7 22. Rxd6 Be5 23. Rxe6 Bxc7 24. Rc6 Nd3 25. Re2 Nxc1 26. Rxc1 Bd6 27. Nd5 Ra6 28. g3 Kg7 29. Rc6 Bc5 30. e5 Rd8 31. Nc7 Ra7 32. e6 Rd6 33. Ne8+ 1-0